 Dungeon Crawl Stone Soup version 0.28.0-45-g0d030f2227 (webtiles) character file.

Game seed: 16129150698749182072

26 dianekeaton the Chopper (level 3, 0/31 HPs)
             Began as a Hill Orc Fighter on Apr 6, 2022.
             Succumbed to an adder's poison
             ... on level 2 of the Dungeon.
             The game lasted 00:01:52 (764 turns).

dianekeaton the Chopper (Hill Orc Fighter)           Turns: 764, Time: 00:01:52

Health: 0/31       AC:  6    Str: 20    XL:     3   Next: 8%
Magic:  3/3        EV:  9    Int:  8    God:
Gold:   40         SH:  4    Dex: 10    Spells: 2/2 levels left

rFire   . . .      SeeInvis .   a - +0 war axe
rCold   . . .      Faith    .   c - +0 buckler
rNeg    . . .      Spirit   .   b - +0 scale mail
rPois   .          Reflect  .   (no helmet)
rElec   .          Harm     .   (no cloak)
rCorr   .          Rampage  .   (no gloves)
Will    +....                   (no boots)
Stlth   ..........              (no amulet)
HPRegen 0.10/turn               j - ring of willpower
MPRegen 0.08/turn               (no ring)

@: lethally poisoned (0 -> -12)
A: no striking features
a: no special abilities


You were on level 2 of the Dungeon.
You visited 1 branch of the dungeon, and saw 2 of its levels.

You collected 40 gold pieces.

Inventory:

Hand Weapons
 a - a +0 war axe (weapon)
Armour
 b - a +0 scale mail (worn)
 c - a +0 buckler (worn)
Jewellery
 j - a ring of willpower (left hand)
Scrolls
 e - 2 scrolls of fear {unknown}
 g - a scroll of acquirement {unknown}
 h - a scroll of identify {unknown}
 i - a scroll of immolation {unknown}
Potions
 d - a potion of might
 f - a potion of degeneration {unknown}


   Skills:
 - Level 3.6 Fighting
 + Level 4.5 Axes
 - Level 3.2 Armour
 + Level 0.3 Dodging
 - Level 3.2 Shields


You had 2 spell levels left.
You didn't know any spells.
Your spell library was empty.

Dungeon Overview and Level Annotations

Branches:
Dungeon (2/15)

Altars:


Message History

You hit the adder.
The adder is moderately wounded.
You feel sick. The adder barely misses you. x2
You hit the adder but do no damage.
The adder is moderately wounded.
You feel sick. The adder barely misses you. The adder bites you.
You feel sick.
You feel sick.
You are no longer poisoned.
The adder bites you.
You are poisoned.
The adder poisons you!
You feel sick. The adder bites you but does no damage.
The adder closely misses you.
You feel sick.
You feel sick. The adder bites you but does no damage.
You feel sick. The adder bites you.
You feel sick.
You feel sick. The adder barely misses you.
You feel sick.
You are no longer poisoned.
The adder bites you.
* * * LOW HITPOINT WARNING * * *
You block the adder's attack. You block the adder's attack.
The kobold throws a stone.
The stone hits you but does no damage.
The adder bites you but does no damage. x2
A frilled lizard comes into view.
The frilled lizard hisses angrily.
A worm comes into view.
The adder barely misses you. You block the adder's attack.
The adder bites you but does no damage. The adder bites you.
* * * LOW HITPOINT WARNING * * *
You are lethally poisoned!
The adder poisons you! The adder bites you.
* * * LOW HITPOINT WARNING * * *
You are more poisoned.
The adder poisons you! The adder bites you but does no damage.
You die...

##.. #... ..... ###
#..### ......
###.##..... ......
#.......# w.... ##.#..†#
l..####.....<# #
P####...##.#.#..# .#
P.......#KS.@...####.##
#.......S..##.......#
P##.......#.###........
P.......###............
PP.###.......###.......#
.P. ##.................
PP.# ##................#
....##......#...........
.P>.......###.##.......#


You could see 2 adders and a kobold.

Vanquished Creatures
  An endoplasm (D:2)
  8 giant cockroaches (D:1)
  A hobgoblin (D:1)
  2 jackals (D:1)
  2 ball pythons (D:1)
  A bat (D:1)
  A frilled lizard (D:1)
  3 kobolds (D:1)
  5 rats
24 creatures vanquished.

Notes
Turn   | Place    | Note
-------+----------+-------------------------------------------
     0 | D:1      | dianekeaton the Hill Orc Fighter began the quest for the
                  | Orb.
     0 | D:1      | Reached XP level 1. HP: 19/19 MP: 1/1
    46 | D:1      | Reached skill level 3 in Axes
    69 | D:1      | You fall into a shaft and drop 1 floor!
   108 | D:1      | Reached XP level 2. HP: 26/26 MP: 2/2
   267 | D:1      | Reached skill level 4 in Axes
   600 | D:1      | Reached XP level 3. HP: 24/31 MP: 3/3
   764 | D:2      | Succumbed to an adder's poison

Illustrated notes

Levels and vault maps discovered:
D:1:      dpeg_arrival_prison, layout_basic, minmay_worlds_worst_comb
D:2:      layout_rooms, minmay_hedge_maze, uniq_natasha

Skill      XL: |  1  2 |
---------------+-------+-----
Axes           | 3 4 |  4.5
Fighting       | |  3.6
Armour         | |  3.2
Dodging        | |  0.3
Shields        | |  3.2

Action                   || total
-------------------------++-------
Melee: War axe           ||    58
Armor: Scale mail        ||    32
Dodge: Dodged            ||    32
Block: Buckler           ||    15
